 Dungeon Crawl Stone Soup version 0.30-a0-242-g7bf8e6d787 (webtiles) character file.

Game seed: 384248059481448462

310 porpoise the Shooter (level 6, -2/33 HPs)
             Began as a Deep Elf Hexslinger on Oct 12, 2022.
             Slain by an iguana (10 damage)
             ... on level 3 of the Dungeon.
             The game lasted 00:10:39 (2920 turns).

porpoise the Shooter (Deep Elf Hexslinger)          Turns: 2920, Time: 00:10:40

Health: -2/33      AC:  3    Str:  7    XL:     6   Next: 17%
Magic:  15/15      EV: 13    Int: 18    God:
Gold:   113        SH:  0    Dex: 17    Spells: 8/15 levels left

rFire   . . .      SeeInvis .    b - +0 rapier
rCold   . . .      Faith    .    (no shield)
rNeg    . . .      Spirit   .    c - +0 robe
rPois   .          Reflect  .    (no helmet)
rElec   .          Harm     .    s - +0 cloak
rCorr   .          Rampage  .    (no gloves)
Will    .....                    (no boots)
Stlth   ++........               l - amulet of magic regeneration
HPRegen 0.25/turn                t - ring of flight
MPRegen 0.54/turn                (no ring)

@: flying
A: no striking features
a: no special abilities


You were on level 3 of the Dungeon.
You visited 1 branch of the dungeon, and saw 3 of its levels.

You collected 113 gold pieces.

Inventory:

Hand Weapons
 a - a +1 sling
 b - a +0 rapier (weapon)
 n - a +0 dagger
Missiles
 f - 16 poisoned darts (quivered)
Armour
 c - a +0 robe (worn)
 s - a +0 cloak (worn)
Jewellery
 k - a ring of fire
 l - an amulet of magic regeneration (around neck)
 t - a ring of flight (left hand)
Wands
 m - a wand of paralysis (6)
 v - a wand of digging (5)
Scrolls
 d - 2 scrolls of vulnerability {unknown}
 e - a scroll of poison
 j - a scroll of enchant weapon {unknown}
 o - 2 scrolls of teleportation {unknown}
 p - 2 scrolls of identify {unknown}
 r - a scroll of amnesia {unknown}
 u - 3 scrolls of fog {unknown}
Potions
 g - a potion of curing
 h - a potion of ambrosia {unknown}
 i - a potion of lignification
 q - a potion of mutation {unknown}


   Skills:
 - Level 0.7 Fighting
 + Level 6.0 Ranged Weapons
 - Level 2.4 Dodging
 - Level 5.0 Spellcasting
 + Level 5.6 Hexes
 + Level 0.0 Fire Magic


You had 8 spell levels left.
You knew the following spells:

 Your Spells              Type           Power      Damage    Failure   Level
a - Slow                  Hex            96%        N/A       1%          1
b - Inner Flame           Hex/Fire       14%        N/A       13%         3
p - Portal Projectile     Hex/Tloc       28%        N/A       13%         3

Your spell library contained the following spells:

 Spells                   Type           Power      Damage    Failure   Level
 Cause Fear               Hex            12%        N/A       13%         4
 Cigotuvi's Dreadful Rot  Necr/Pois/Air  8%         N/A       21%         2
 Ozocubu's Armour         Ice            4%         N/A       36%         3
 Dispel Undead            Necr           4%         3d7       78%         4
 Death Channel            Necr           2%         N/A       100%        6
 Ozocubu's Refrigeration  Ice            2%         4d7       100%        7


Dungeon Overview and Level Annotations

Branches:
Dungeon (3/15)

Altars:
Vehumet


Message History

Casting: Slow (safe; 1% risk of failure)
Confirm with . or Enter, or press ? or * to list all spells.
Aiming: Slow (safe; 1% risk of failure)
Press: ? - help, Shift-Dir - straight line, f/p - iguana
Aim: an iguana (chance to affect: 64%)
The iguana struggles to resist.
b - a +0 rapier (weapon)
The iguana misses you.
Casting: Slow (safe; 1% risk of failure)
Confirm with . or Enter, or press ? or * to list all spells.
Aiming: Slow (safe; 1% risk of failure)
Press: ? - help, Shift-Dir - straight line, f/p - iguana
Aim: an iguana (chance to affect: 64%)
The iguana seems to slow down.
The iguana bites you!
You closely miss the iguana. You hit the iguana.
The iguana is lightly wounded.
The iguana barely misses you.
You hit the iguana.
The iguana is moderately wounded.
The iguana closely misses you.
You hit the iguana but do no damage.
The iguana is moderately wounded.
The iguana barely misses you.
You hit the iguana.
The iguana is moderately wounded.
The iguana bites you!
You hit the iguana.
The iguana is moderately wounded.
The iguana barely misses you.
You hit the iguana.
The iguana is heavily wounded.
You hit the iguana but do no damage.
The iguana is heavily wounded.
The iguana bites you.
* * * LOW HITPOINT WARNING * * *
You hit the iguana.
The iguana is severely wounded.
The iguana bites you!
You die...

##......#..##.###.
##...#.#..##.# #.
#####.#..##.###.
#..#..........
#.#.#...#####.
#.#.#......... #####
#.#.#...#####.
#...###.#.#.### #.
#..@......#.#######.
#..l###...........†.
##.## #........>....
#. #.###.######## #.
#.# #.# # #. #(#
#.######## #.
#.###..#...... #.
#......#.####.
####...#.# #.


You could see an iguana (slow).

Vanquished Creatures
  Grinder (D:3)
  4 adders
  4 dart slugs
  5 endoplasms
  A giant cockroach (D:1)
  6 goblins
  5 hobgoblins
  A jackal (D:1)
  7 quokkas
  3 ball pythons
  7 bats
  3 frilled lizards
  5 kobolds
  6 rats (D:1)
58 creatures vanquished.

Notes
Turn   | Place    | Note
-------+----------+-------------------------------------------
     0 | D:1      | porpoise the Deep Elf Hexslinger began the quest for the
                  | Orb.
     0 | D:1      | Reached XP level 1. HP: 11/11 MP: 5/5
    62 | D:1      | Reached skill level 3 in Ranged Weapons
   129 | D:1      | Reached XP level 2. HP: 13/16 MP: 5/7
   514 | D:1      | Reached XP level 3. HP: 20/20 MP: 9/9
   707 | D:1      | Learned a level 3 spell: Inner Flame
   711 | D:1      | Learned a level 3 spell: Portal Projectile
   753 | D:1      | Reached skill level 4 in Ranged Weapons
  1299 | D:2      | Found a radiant altar of Vehumet.
  1787 | D:2      | Reached XP level 4. HP: 24/24 MP: 11/11
  2750 | D:3      | Noticed Grinder
  2758 | D:3      | Paralysed by Grinder for 5 turns
  2780 | D:3      | Killed Grinder
  2781 | D:3      | Reached skill level 6 in Ranged Weapons
  2781 | D:3      | Reached skill level 5 in Spellcasting
  2781 | D:3      | Reached skill level 5 in Hexes
  2781 | D:3      | Reached XP level 5. HP: 12/28 MP: 12/14
  2781 | D:3      | Reached XP level 6. HP: 14/33 MP: 12/15
  2920 | D:3      | Slain by an iguana

Illustrated notes

Levels and vault maps discovered:
D:1:      lightli_arrival_farm, layout_basic, dk_noncrumbling_4,
          minmay_split_cup_large
D:2:      layout_basic, basic_altar
D:3:      layout_loops_ring, kennysheep_doodads, uniq_grinder

Skill      XL: |  1  2  3  4 |
---------------+-------------+-----
Ranged Weapons | 3 4 6 |  6.0
Spellcasting   | 2 3 5 |  5.0
Hexes          | 5 |  5.6
Fighting       | |  0.7
Dodging        | |  2.4

Action                   |  1- 3 |  4- 6 || total
-------------------------+-------+-------++-------
Melee: Dagger            |    24 |       ||    24
       Punch             |     2 |     1 ||     3
       Rapier            |     3 |    43 ||    46
 Fire: Sling             |   105 |    36 ||   141
Throw: Dart              |       |     1 ||     1
 Cast: Slow              |    28 |    11 ||    39
Evoke: Wand              |       |     4 ||     4
  Use: Potion            |       |     2 ||     2
 Stab: Sleeping          |     2 |       ||     2
       Paralysed         |       |    10 ||    10
Armor: Robe              |    20 |     4 ||    24
       Skin              |       |     3 ||     3
Dodge: Dodged            |    49 |    28 ||    77

Table legend: (Time is in decaauts)
 A = Elapsed time spent in this place.
 B = Non-inter-level travel time spent in this place.
 C = Inter-level travel time spent in this place.
 D = Time resting spent in this place.
 E = Time spent auto-exploring this place.
 F = Levels seen in this place.
 G = Mean time per level.
                   A        B        C        D        E       F      G
               +--------+--------+--------+--------+--------+-----+--------+
         Total |   2961 |   2915 |     46 |    930 |   1485 |   3 |  987.0 |
       Dungeon |   2961 |   2915 |     46 |    930 |   1485 |   3 |  987.0 |
               +--------+--------+--------+--------+--------+-----+--------+

Top non-repeatable levels by time:
     D:1: 1026 daAuts
     D:2: 975 daAuts
     D:3: 959 daAuts
